 Dungeon Crawl Stone Soup version 0.19.4-8-ga85b6b9 (webtiles) character file.

51 LORDOFBUTT the Sneak (level 3, 0/16 HPs)
             Began as a Spriggan Enchanter on Feb 11, 2017.
             Killed from afar by an orc wizard (7 damage)
             ... with a magic dart
             ... on level 3 of the Dungeon.
             The game lasted 00:01:56 (1589 turns).

LORDOFBUTT the Sneak (Spriggan Enchanter)           Turns: 1589, Time: 00:01:57

Health: 0/16       AC:  3    Str:  5    XL:     3   Next: 57%
Magic:  6/9        EV: 18    Int: 16    God:
Gold:   133        SH:  0    Dex: 16    Spells: 2 memorised, 7 levels left

rFire  . . .     SeeInvis +     a - +1 dagger
rCold  . . .     Gourm    .     b - +1 robe
rNeg   . . .     Faith    .     (shield restricted)
rPois  .         Spirit   .     (helmet restricted)
rElec  .         Reflect  .     (no cloak)
rCorr  .         Harm     .     (gloves unavailable)
MR     .....                    (boots unavailable)
Stlth  +++++.....               (no amulet)
                                l - ring of stealth
                                g - ring of stealth

@: very slightly contaminated, very quick
A: unfitting armour, see invisible, herbivore 3, speed 3, slow metabolism 2
a: no special abilities


You were on level 3 of the Dungeon.
You were not hungry.

You visited 1 branch of the dungeon, and saw 3 of its levels.

You collected 133 gold pieces.

Inventory:

Hand Weapons
 a - a +1 dagger (weapon)
Armour
 b - a +1 robe (worn)
Jewellery
 g - a ring of stealth (left hand)
 l - a ring of stealth (right hand)
Scrolls
 f - a scroll of immolation {unknown}
 m - 3 scrolls of identify {unknown}
 o - a scroll of fear {unknown}
 q - 2 scrolls of enchant armour {unknown}
 s - a scroll of fog {unknown}
Potions
 e - a potion of heal wounds {unknown}
 i - a potion of curing
 k - 2 potions of brilliance {unknown}
 p - a potion of cure mutation {unknown}
 r - a potion of cancellation {unknown}
Books
 c - a book of Maledictions

   Spells                             Type                      Level
   a - Corona                         Hexes                        1
   b - Ensorcelled Hibernation        Hexes/Ice                    2
   c - Confuse                        Hexes                        3
   d - Tukima's Dance                 Hexes                        3
   e - Dazzling Spray                 Conjuration/Hexes            3
Comestibles
 d - 3 bread rations
 h - 2 slices of pizza
 n - a royal jelly


   Skills:
 - Level 1.1 Short Blades
 - Level 3.0 Dodging
 + Level 5.3 Stealth
 * Level 4.0 Spellcasting
 * Level 4.1 Hexes


You had 7 spell levels left.
You knew the following spells:

 Your Spells              Type           Power        Failure   Level  Hunger
a - Corona                Hex            ###....      3%          1    None
b - Ensorcelled Hibernat  Hex/Ice        #.....       12%         2    ##.....


Dungeon Overview and Level Annotations

Branches:
Dungeon (3/15)

Altars:
Xom
Yredelemnul
The Shining One


Innate Abilities, Weirdness & Mutations

You are very small and have problems with some larger weapons.
You are too small for most types of armour.
You have supernaturally acute eyesight. (SInv)
You are a herbivore.
You cover ground extremely quickly.
You need consume almost no food.


Message History

Confirm with . or Enter, or press ? or * to list all spells.
Aiming: Corona
Press: ? - help, Shift-Dir - straight line, f - orc wizard
Aim: an orc wizard, wielding a dagger of speed and wearing a robe (chance to defeat MR: 53%)
The orc wizard struggles to resist.
The orc wizard hits you with a dagger of speed.
A rat and a goblin come into view.
Casting: Corona
Confirm with . or Enter, or press ? or * to list all spells.
Aiming: Ensorcelled Hibernation
Press: ? - help, Shift-Dir - straight line, f/p - orc wizard
Aim: an orc wizard, wielding a dagger of speed and wearing a robe (chance to defeat MR: 40%)
You miscast Ensorcelled Hibernation.
You are very lightly contaminated with residual magic.
A chill runs through your body.
The goblin shouts!
The orc barely misses you. The orc wizard casts a spell at you.
The magic dart hits you!
You die...

# #.#.#
#.#.#
#.#+####.#.#
.........#
.........# #
.........#.#
.........#.#
...........#
.....r.o@###
###..###o#
....


.oo ### ##.## g.. #+# You could see an orc wizard, 3 orcs, a goblin and a rat.

Vanquished Creatures
  An adder (D:2)
  A worm (D:2)
  A leopard gecko (D:2)
  An orc (D:3)
  2 bats (D:2)
  3 giant cockroaches
  8 goblins
  5 hobgoblins
  4 jackals (D:2)
  A kobold (D:2)
  A quokka (D:2)
  A frilled lizard (D:1)
  2 rats
31 creatures vanquished.

Notes
Turn   | Place    | Note
-------+----------+-------------------------------------------
     0 | D:1      | LORDOFBUTT the Spriggan Enchanter began the quest for the Orb.
     0 | D:1      | Reached XP level 1. HP: 9/9 MP: 5/5
   272 | D:1      | Reached XP level 2. HP: 13/13 MP: 7/7
   840 | D:2      | Found a shimmering altar of Xom.
  1086 | D:2      | Reached skill level 5 in Stealth
  1145 | D:2      | Learned a level 2 spell: Ensorcelled Hibernation
  1149 | D:2      | Reached XP level 3. HP: 6/16 MP: 1/9
  1304 | D:2      | Found a glowing golden altar of the Shining One.
  1309 | D:2      | Found a basalt altar of Yredelemnul.
  1311 | D:2      | Noticed a profane servitor
  1526 | D:2      | Noticed an angel
  1589 | D:3      | Killed from afar by an orc wizard

Skill      XL: |  1  2  3 |
---------------+----------+-----
Spellcasting   | 3 4 |  4.0
Hexes          | 4 |  4.1
Stealth        | 5 |  5.3
Short Blades   | |  1.1
Dodging        | |  3.0

Action                   || total
-------------------------++-------
Melee: Dagger            ||   117
 Cast: Ensorcelled Hiber ||     4
       Corona            ||     1
  Use: Potion            ||     2
 Stab: Sleeping          ||    17
       Distracted        ||     1
Armor: Robe              ||    10
Dodge: Dodged            ||    84
